 Dungeon Sprint DCSS version 0.29.1-15-g9cfb28693d (webtiles) character file.

Game seed: 9292031044810969981

0 Ast3rio the Grave Robber (level 1, -6/10 HPs)
             Began as a Deep Elf Necromancer on Mar 15, 2023.
             Killed from afar by Terence (11 damage)
             ... with a puff of flame
             ... in the Dungeon (Sprint VI: "Thunderdome").
             The game lasted 00:00:18 (40 turns).

Ast3rio the Grave Robber (Deep Elf Necromancer)       Turns: 40, Time: 00:00:18

Health: -6/10      AC:  2    Str:  5    XL:     1   Next: 16%
Magic:  6/6        EV: 12    Int: 19    God:
Gold:   200        SH:  0    Dex: 15    Spells: 5/6 levels left

rFire   . . .      SeeInvis .   (no weapon)
rCold   . . .      Faith    .   (no shield)
rNeg    . . .      Spirit   .   a - +0 robe
rPois   .          Reflect  .   (no helmet)
rElec   .          Harm     .   (no cloak)
rCorr   .          Rampage  .   (no gloves)
Will    .....      NoTele   +   (no boots)
Stlth   ++........              (no amulet)
HPRegen 0.03/turn               (no ring)
MPRegen 0.10/turn               (no ring)

@: no status effects
A: no striking features
a: no special abilities


You were in the Dungeon.
You visited 1 branch You collected 200 gold pieces.

Inventory:

Armour
 a - a +0 robe (worn)
Wands
 i - a wand of acid (5)
 j - a wand of roots (5)
Scrolls
 g - 4 scrolls of blinking
 k - 3 scrolls of fog
Potions
 b - 3 potions of magic
 c - a potion of curing
 d - 4 potions of heal wounds
 e - 4 potions of haste
 f - a potion of berserk rage
 h - a potion of resistance


   Skills:
 + Level 2.5 Dodging
 + Level 2.8 Stealth
 + Level 3.1 Spellcasting
 + Level 5.2 Necromancy


You had 5 spell levels left.
You knew the following spells:

 Your Spells              Type           Power      Damage    Failure   Level
a - Necrotise             Necr           88%        1d8       1%          1

Your spell library contained the following spells:

 Spells                   Type           Power      Damage    Failure   Level
 Vampiric Draining        Necr           22%        2d7       5%          3
 Animate Dead             Necr           22%        N/A       17%         4
 Agony                    Necr           22%        N/A       43%         5


Dungeon Overview and Level Annotations

Branches:
Dungeon (1/1)

Altars:
Cheibriados
Dithmenos
Fedhas
Kikubaaqudgha
Qazlal
Ru
Sif Muna
Trog
Uskayaw
Vehumet
Xom
The Shining One
Lugonu

Shops:
D *[???:(!!!!

Annotations:
D Terence


Message History

The ball python closely misses you. The ball python constricts you.
You barely miss the ball python.
The ball python bites you but does no damage.
The ball python constricts you.
You hit the ball python.
The ball python is moderately wounded.
The ball python bites you but does no damage.
The ball python constricts you.
The ball python bites you but does no damage.
The ball python constricts you.
You hit the ball python.
The ball python is heavily wounded.
The ball python bites you but does no damage.
The ball python constricts you.
You hit the ball python.
The ball python is severely wounded.
The ball python barely misses you. The ball python constricts you.
Casting: Necrotise (safe; 1% risk of failure)
Confirm with . or Enter, or press ? or * to list all spells.
Aiming: Necrotise (safe; 1% risk of failure)
Press: ? - help, Shift-Dir - straight line, f - ball python
Aim: a ball python (severely wounded, constricting you, chance to affect: 90%)
The ball python writhes in agony!
You kill the ball python!
The dead are slithering!
Your Necromancy skill increases to level 5!
You start resting.
Terence is nearby!
Terence is nearby!
Found Mybufamu's Jewellery and Tasyeba's Advanced Armour.
Terence hits your ball python skeleton with a +0 short sword.
Your ball python skeleton closely misses Terence.
Your ball python skeleton grabs Terence.
Your ball python skeleton constricts Terence.
Terence zaps a wand.
The puff of flame hits your ball python skeleton!
Your ball python skeleton is destroyed!
Terence zaps a wand.
The puff of flame hits you!
Ouch! That really hurt!
You die...

#_......._#
###.........###
#⌠...........⌠#
######.8.........8.###
##._._......###......_.
##∩........8.# #.8......
............@###........
..........###...###.....
.......@..# #.<.# #.....
..........# #...# #.....
.............###........
##∩........8.# .8......
##∩___......# ......__
######.8..... ...8.#
#⌠...... ....⌠# ###.....
...###


You could see Terence.

Vanquished Creatures
  A ball python (D)
1 creature vanquished.

Notes
Turn   | Place    | Note
-------+----------+-------------------------------------------
     0 | D        | Ast3rio the Deep Elf Necromancer began the quest for the
                  | Orb.
     0 | D        | Reached XP level 1. HP: 10/10 MP: 6/6
     3 | D        | Found a hide-covered altar of Uskayaw.
     3 | D        | Found an ancient bone altar of Kikubaaqudgha.
     5 | D        | Found a stormy altar of Qazlal.
     5 | D        | Round 1.
     6 | D        | Found Lecsuije's Distillery.
     6 | D        | Found a blossoming altar of Fedhas.
     6 | D        | Found a snail-covered altar of Cheibriados.
     6 | D        | Found Quumuss's Do-It-Yourself Clinic.
     7 | D        | Found Ypeise's Distillery.
     7 | D        | Found Uruovoum's Bottled Wisdom.
     8 | D        | Noticed Terence
     9 | D        | Found Ohelim's Staff Store.
    10 | D        | Found Papi's Must-Have Magic.
    10 | D        | Found Noseli's Magic Scroll Shop.
    11 | D        | Found a radiant altar of Vehumet.
    11 | D        | Found a shadowy altar of Dithmenos.
    11 | D        | Found a shimmering altar of Xom.
    11 | D        | Found Bufimos's Magic Scroll Shop.
    15 | D        | Found a bloodstained altar of Trog.
    17 | D        | Found a corrupted altar of Lugonu.
    20 | D        | Found a glowing golden altar of the Shining One.
    20 | D        | Found a sacrificial altar of Ru.
    20 | D        | Found a shimmering blue altar of Sif Muna.
    20 | D        | Found Ymmeiv's Identification Station.
    30 | D        | Reached skill level 5 in Necromancy
    35 | D        | Found Mybufamu's Jewellery.
    35 | D        | Found Tasyeba's Advanced Armour.
    40 | D        | Killed from afar by Terence

Illustrated notes

Levels and vault maps discovered:
D:        arena_sprint

Skill      XL: |  1 |
---------------+----+-----
Necromancy     | 5 |  5.2
Dodging        | |  2.5
Stealth        | |  2.8
Spellcasting   | |  3.1

Action                   || total
-------------------------++-------
Melee: Unarmed           ||     8
 Cast: Necrotise         ||     1
Armor: Robe              ||     4
Dodge: Dodged            ||     4
